 Dungeon Crawl Stone Soup version 0.18.1-48-g4cf74bf (webtiles) character file.

72 Joat the Stinger (level 4, -7/31 HPs)
             Began as a Demonspawn Venom Mage on July 27, 2016.
             Killed from afar by an orc wizard (10 damage)
             ... with a puff of frost
             ... on level 4 of the Dungeon.
             The game lasted 00:27:45 (3284 turns).

Joat the Stinger (Demonspawn Venom Mage)            Turns: 3284, Time: 00:27:45

Health: -7/31      AC:  2    Str:  8    XL:     4   Next: 6%
Magic:  0/8        EV: 12    Int: 17    God:
Gold:   142        SH:  0    Dex: 14    Spells: 3 memorised, 3 levels left

rFire  . . .     SeeInvis .     A - +0 war axe
rCold  . . .     Gourm    .     a - +0 robe
rNeg   . . .     Faith    .     (no shield)
rPois  .         Spirit   +     (helmet restricted)
rElec  .         Dismiss  .     (no cloak)
rCorr  .         Reflect  .     (no gloves)
SustAt .         Harm     .     (no boots)
MR     .....     Rnd*Tele +     l - amulet of guardian spirit
Stlth  ++........               (no ring)
                                w - ring of teleportation (curse)

@: not resistant to hostile enchantments, unstealthy
A: horns 1, powered by pain 1
a: no special abilities


You were on level 4 of the Dungeon.
You were not hungry.

You visited 1 branch of the dungeon, and saw 4 of its levels.

You collected 142 gold pieces.

Inventory:

Hand Weapons
 d - a +0 club
 j - a +0 dagger
 m - a +0 short sword
 A - a +0 war axe (weapon)
Missiles
 e - 74 stones
 g - 13 poisoned needles
 i - 7 tomahawks of dispersal (quivered)
 k - 32 arrows
Armour
 a - a +0 robe (worn)
 n - a +0 ring mail
Jewellery
 l - an amulet of guardian spirit (around neck)
 o - an uncursed amulet of the gourmand
 w - a cursed ring of teleportation (left hand)
Wands
 r - a wand of teleportation (6/9)
Potions
 h - 2 potions of haste
 q - a potion of lignification
 u - 3 potions of magic
Books
 b - a Young Poisoner's Handbook

   Spells                             Type                      Level
   a - Sting                          Conjuration/Poison           1
   b - Cure Poison                    Poison                       2
   c - Mephitic Cloud                 Conjuration/Poison/Air       3
   d - Olgreb's Toxic Radiance        Poison                       4
   e - Venom Bolt                     Conjuration/Poison           5
Comestibles
 c - a bread ration
 p - 2 meat rations
 s - a chunk of flesh
 z - a slice of pizza


   Skills:
 + Level 0.4 Fighting
 - Level 1.7 Dodging
 - Level 1.7 Stealth
 - Level 3.0 Spellcasting
 - Level 2.2 Conjurations
 - Level 4.2 Poison Magic


You had 3 spell levels left.
You knew the following spells:

 Your Spells              Type           Power        Failure   Level  Hunger
a - Sting                 Conj/Pois      ##..         6%          1    None
b - Cure Poison           Pois           ###.......   4%          2    ##.....
c - Mephitic Cloud        Conj/Pois/Air  #.......     24%         3    ###....


Dungeon Overview and Level Annotations

Branches:
Dungeon (4/15)
 Temple: D:4-7

Altars:


Innate Abilities, Weirdness & Mutations

You have a pair of small horns on your head.
You sometimes gain a little power by taking damage.


Message History

* * * LOW HITPOINT WARNING * * *
There is a stone staircase leading down here.
The orc wizard completely misses you.
The orc wizard mumbles some strange words.
The orc wizard flickers and vanishes!
Deactivating autopickup; reactivate with Ctrl-A.
You climb downwards.
There is a stone staircase leading up here.
The orc wizard barely misses you.
Found a stone staircase leading down.
Casting: Sting
Confirm with . or Enter, or press ? or * to list all spells.
Aiming: Sting
Press: ? - help, Shift-Dir - straight line, f - orc wizard
Aim: an orc wizard, wielding an enchanted dagger and wearing a robe (heavily wounded, fast)
The sting hits the orc wizard.
The orc wizard is severely wounded.
The orc wizard points at you and mumbles some strange words.
The puff of frost hits you!
You die...

#......
#.....
#######....
#.........
#......
#.....# #<#
#o# #@#
#...>....
###.....#
...##. #...
..#. .# #


You could see an orc wizard.

Vanquished Creatures
  An adder (D:2)
  A worm (D:2)
  A dart slug (D:1)
  4 giant geckos
  An orc (D:3)
  8 bats
  6 goblins
  9 hobgoblins
  2 jackals (D:2)
  A quokka (D:2)
  A ball python (D:2)
  4 giant newts
  5 kobolds
  6 rats
50 creatures vanquished.

Notes
Turn   | Place    | Note
--------------------------------------------------------------
     0 | D:1      | Joat the Demonspawn Venom Mage began the quest for the Orb.
     0 | D:1      | Reached XP level 1. HP: 13/13 MP: 3/3
   753 | D:1      | Gained mutation: You sometimes gain a little power by taking damage. [demonic ancestry]
   753 | D:1      | Reached XP level 2. HP: 14/19 MP: 3/5
   828 | D:1      | Learned a level 2 spell: Cure Poison
  1015 | D:1      | Reached skill level 1 in Conjurations
  1588 | D:1      | Reached XP level 3. HP: 14/24 MP: 7/7
  2245 | D:2      | Learned a level 3 spell: Mephitic Cloud
  3104 | D:3      | Gained mutation: You have a pair of small horns on your head. [demonic ancestry]
  3104 | D:3      | Reached XP level 4. HP: 30/30 MP: 6/8
  3284 | D:4      | Killed from afar by an orc wizard

Skill      XL: |  1  2  3 |
---------------+----------+-----
Conjurations   | 1 2 |  2.2
Spellcasting   | 3 |  3.0
Fighting       | |  0.4
Dodging        | |  1.7
Stealth        | |  1.7
Poison Magic   | |  4.2

Action                   |  1- 3 |  4- 6 || total
-------------------------+-------+-------++-------
Melee: Dagger            |    31 |       ||    31
       Club              |    12 |       ||    12
       Unarmed           |     2 |       ||     2
       Short sword       |    73 |       ||    73
       War axe           |       |     1 ||     1
 Cast: Sting             |    64 |     6 ||    70
  Use: Scroll            |       |     6 ||     6
       Potion            |       |     1 ||     1
  Eat: Chunk             |    11 |     1 ||    12
Armor: Robe              |    38 |     1 ||    39
Dodge: Dodged            |   123 |     9 ||   132
